AoeStats
← 我不是吴亦凡

Hideout

507033327Analyzed
1v1 RM · 17d ago on Sep 16, 2026· 25m 7s· 2 players
Game mode
Random Map
Map size
Tiny (2 player)
Population
200
Speed
Normal
Resources
Standard
Victory
Conquest
Starting age
Dark Age
Ending age
Imperial Age
RankedLock teamsTeams togetherTeam positionsShared explorationLock speedFull tech treeHidden civsTurbo modeCheats
Victory
Defeat
🇮🇳 Malay · India
622
+18
🇨🇳 Armenians · China
675
-18
Blah Blah Black Sheep
11:40 Feudal Age
11:20 Horse Collar
11:31 Double-Bit Axe
13:22 Loom
17:33 Wheelbarrow
19:38 Castle Age
18:20 Man-at-Arms
18:46 Arson
19:18 Long Swordsman
19:58 Squires
20:54 Gold Mining
20:55 Stone Mining
21:28 Forging
我不是吴亦凡
0:48 Loom
12:09 Feudal Age
13:25 Wheelbarrow
12:38 Double-Bit Axe
12:36 Horse Collar
12:47 Town Watch
14:01 Gold Mining
22:34 Castle Age
20:40 Man-at-Arms
21:08 Arson
21:53 Long Swordsman
22:18 Pikeman
23:36 Hand Cart
23:26 Heavy Plow
24:03 Bow Saw
24:29 Two-Handed Swordsman
24:55 Gambesons
Connection lost

Rejoining the realm…

Still unreachable

The connection could not be restored.

Session expired

The server has moved on; the page needs a fresh start.